Description

Here it is, the ZvP early game guide for Zerg Players from all levels. Link to Part 2: https://youtu.be/GDlcvZGFEKo​ Notes for this Stream: https://pastebin.com/MsTWx7JS​ Replay: https://drop.sc/replay/18127591​ I will try talking about everything you need to know in the early stages of the game, and how to drone up properly. In this Part i am explaining most of the basics so i will only cover Oracle first with an early 3rd Base. I will upload the 2nd Part tomorrow!

VOD

https://www.youtube.com/watch?v=DNGTdVaLKCA

Replay - 2021-02-09 - (Z)Lambo VS (P)SKillous (1)

Build Order

Get SALT Encoding   

  12  0:00  Drone  
  13  0:12  Overlord  
  13  0:16  Drone  
  14  0:30  Drone x2  
  16  0:48  Hatchery  
  15  0:51  Drone x2  
  17  0:59  Drone  
  18  1:09  Extractor  
  17  1:14  Spawning Pool  
  17  1:16  Drone x2  
  18  1:29  Drone  
  19  1:40  Drone  
  20  1:52  Overlord  
  20  2:00  Queen x2  
  25  2:01  Zergling x4  
  26  2:11  Drone x2  
  26  2:14  Metabolic Boost  
  28  2:22  Drone x2  
  30  2:32  Drone x2  
  32  2:38  Hatchery  
  32  2:43  Drone  
  32  2:45  Overlord  
  32  2:52  Queen  
  32  2:55  Drone x2  
  36  3:05  Overlord  
  36  3:06  Queen  
  36  3:09  Drone x3  
  40  3:16  Drone x2  
  43  3:23  Overlord  
  43  3:26  Drone  
  44  3:29  Queen  
  44  3:32  Drone  
  47  3:37  Spore Crawler, Overlord  
  47  3:40  Drone x4  
  50  3:51  Queen, Drone  
  50  3:54  Zergling x4  
  54  4:02  Zergling x4, Drone x2  
  58  4:07  Overlord  
  58  4:08  Drone x3  
  63  4:17  Drone x3  
  63  4:20  Lair  
  63  4:24  Drone x3  
  66  4:27  Roach Warren  
  66  4:30  Extractor x2  
  66  4:35  Drone x4  
  66  4:38  Spore Crawler  
  68  4:42  Zergling x4  
  68  4:43  Drone x2  
  72  4:45  Overlord  
  72  4:48  Drone x5  
  74  5:00  Evolution Chamber  
  74  5:01  Drone x5  
  78  5:07  Overlord  
  78  5:08  Drone x2  
  78  5:10  Extractor  
  78  5:13  Spore Crawler  
  79  5:14  Drone x2  
  80  5:22  Drone x3  
  80  5:24  Extractor x2  
  81  5:28  Drone x2  
  81  5:34  Drone x5  
  85  5:43  Overlord  
  85  5:46  Infestation Pit  
  85  5:47  Drone x2  
  85  5:49  Hatchery  
Spawning Tool Build Advisor. Get it on Overwolf

Analysis

Notes Earlygame Guide Part 1 vs Oracle+quick 3rd Base: 16Hatch 18Gas 17Pool 20 Overlord @Pool 100% 4 Lings +2 Queens @100 Gas 2 drones off gas 30 3rdHatch Overlord checks for warpgate or not 32 Overlord in the Main 32 Queen in the Nat 36 Queen in the Main 38 Overlord in the Main When u have the time for it spread your 4 Lings around your opponents Base to create the Ring of Vision 44 Overlord in the Main 2 Extra pairs of Lings @3rd Queen 100% start 5th Queen in the Natural vs Oracle the moment you see it Spore in the Natural Queens from the Natural go to the third start 6th queen at the third ASAP Hotkey 3 Queens at the third together and 3 Queens in main+nat together Check for the third Base Timing 4:20 Lair 4:30 RoachWarren+double gas at the Natural Make 10 More Lings 5:00 Evo Chamber Around 5 minutes right before you want to get your 4th base Get 2 Extra Spores Once you approach 66 Drones get the other Geysers and start a 4th Base once you have the money for it

Go to:

Details

  • Created by: potentialcam
  • Published on: Feb 18, 2021
  • Modified on: Feb 18, 2021
  • Patch: 4.11.0
  • Difficulty: Medium
Show
View Real Time Build Order
Export as new Build Order

Comments (0)

There are no comments. Be the first!

Create an account to comment!